 Dungeon Crawl Stone Soup version 0.28-a0-998-gb9e9c7b67e (webtiles) character file.

Game seed: 12779840895565224451

2214 ytrimaz the Gouger (level 9, -1/42 HPs)
             Began as a Felid Chaos Knight on Dec 5, 2021.
             Was a Plaything of Xom.
             Slain by a yak (6 damage)
             ... on level 7 of the Dungeon on Dec 6, 2021.
             The game lasted 00:14:55 (9082 turns).

ytrimaz the Gouger (Felid Chaos Knight)             Turns: 9082, Time: 00:14:55

Health: -1/42      AC:  4    Str:  8    XL:     9   Next: 13%
Magic:  10/10      EV: 23    Int: 15    God:    Xom [*.....]
Gold:   413        SH:  4    Dex: 16    Spells: 8/8 levels left
                                        Lives:  0   Deaths: 2

rFire   . . .      SeeInvis +     - Unarmed
rCold   . . .      Faith    .   (shield unavailable)
rNeg    . . .      Spirit   .   (armour unavailable)
rPois   .          Reflect  .   (helmet unavailable)
rElec   .          Harm     .   (cloak unavailable)
rCorr   .          Rampage  .   (gloves unavailable)
Will    +....      Clarity  +   (boots unavailable)
Stlth   +.........              (no amulet)
HPRegen 0.14/turn               (no ring)
MPRegen 0.12/turn               (no ring)

@: quick
A: very small, claws 1, fangs 3, see invisible, speed 1, shaggy fur 2, stealthy
paws, no weapons or thrown items, no armour, multi-lived, iridescent scales 1,
large bone plates 1, clarity, dopey 1, robust 1, screaming 1, subdued magic 1,
noise suppression
a: Renounce Religion


You were on level 7 of the Dungeon.
You worshipped Xom.
You were a special plaything of Xom.
You visited 2 branches of the dungeon, and saw 8 of its levels.
You also visited: Sewer.

You collected 413 gold pieces.

Inventory:

Jewellery
 a - a ring of flight
Wands
 d - a wand of flame (13)
 i - a wand of paralysis (11)
Scrolls
 b - 3 scrolls of fear
 e - 4 scrolls of teleportation
 o - a scroll of identify
Potions
 c - 3 potions of curing
 f - 2 potions of heal wounds
 g - a potion of ambrosia {unknown}
 k - 2 potions of resistance
 l - a potion of cancellation
 p - a potion of brilliance


   Skills:
 + Level 4.7 Fighting
 + Level 10.3 Dodging
 + Level 11.3 Unarmed Combat


You had 8 spell levels left.
You didn't know any spells.
Your spell library contained the following spells:

 Spells                   Type           Power      Damage    Failure   Level
 Freezing Cloud           Conj/Ice/Air   0%         6-21      100%        5
 Simulacrum               Ice/Necr       0%         N/A       100%        6
 Polar Vortex             Ice            0%         N/A       100%        9


Dungeon Overview and Level Annotations

Branches:
Dungeon (7/15)             Temple (1/1) D:4           Sewer (visited)

Altars:
Cheibriados
Dithmenos
Elyvilon
Fedhas
Gozag
Hepliaklqana
Kikubaaqudgha
Makhleb
Nemelex Xobeh
Okawaru
Qazlal
Ru
Sif Muna
Trog
Vehumet
Wu Jian
Xom
Yredelemnul
Zin
The Shining One

Annotations:
D:6 1 runed translucent door, Crazy Yiuf


Innate Abilities, Weirdness & Mutations

You have sharp claws.
You have razor-sharp teeth.
You have supernaturally acute eyesight. (SInv)
You cover ground quickly. (Speed+)
You are covered in thick fur. (AC +2)
Your paws help you pounce on unaware monsters.
You are incapable of wielding weapons or throwing items.
You cannot wear armour.
You gain extra lives every three experience levels.
You are partially covered in iridescent scales. (AC +2)
You are partially covered in large bone plates. (SH +4)
You possess an exceptional clarity of mind.
You are dopey. (Int -2)
You are robust. (+10% HP)
You occasionally shout uncontrollably at your foes.
Your spells are a little easier to cast, but a little less powerful.
You passively dampen the noise of your surroundings.


Message History

The yak is heavily wounded.
You barely miss the yak.
The yak is heavily wounded.
The yak completely misses you.
You scratch the yak. You bite the yak, but do no damage.
The yak is heavily wounded.
The yak misses you.
You claw the yak!
The yak is severely wounded.
The yak completely misses you.
Unknown command.
You barely miss the yak.
The yak is severely wounded.
The yak closely misses you.
You scratch the yak. You bite the yak.
The yak is almost dead.
Unknown command.
You claw the yak!
You kill the yak!
You scratch the yak.
The yak is lightly wounded.
The yak completely misses you.
You scratch the yak but do no damage.
The yak is lightly wounded.
You scratch the yak.
The yak is moderately wounded.
The yak closely misses you.
You barely miss the yak.
The yak is moderately wounded.
The yak gores you!
* * * LOW HITPOINT WARNING * * *
You barely miss the yak. You claw the yak, but do no damage.
The yak is moderately wounded.
You block the yak's attack.
Unknown command.
Unknown command. "Over there now!"
The yak blinks! x2; The yak barely misses you.
The yak gores you.
You die...
Xom titters!

#.# #.# #.#
#######.#####
#.....)...<.#
#.#####.###.......
#.#####.# #####..
#....##(## .#
#.......@#######...##
#....##.YY.ยงยง........
##....###.####.##.#.##
#.................
#........#####.##..
#.........####.# #..
#...(............ .
#.....##.####....
#.....#..>.....#


You could see 2 yaks.

Vanquished Creatures
  Sigmund (D:3)
  3 yaks
  Pargi (Sewer)
  2 ice beasts
  A black bear (D:6)
  A centaur (D:6)
  3 phantoms
  2 bullfrogs (D:6)
  A wyvern zombie (D:6)
  A water moccasin zombie (D:6)
  A killer bee (D:6)
  A wight (D:6)
  A centaur zombie (D:5)
  2 bullfrog zombies
  A centaur skeleton (D:6)
  A hound (D:5)
  2 iguanas (D:4)
  Ijyb (D:5)
  4 orc wizards
  Natasha (thrice) (D:3)
  2 hound skeletons
  An adder (D:5)
  A howler monkey skeleton (D:6)
  A white imp (D:6)
  An ufetubus (D:7)
  A worm (D:5)
  4 dart slugs
  10 orcs (D:6)
  3 ball pythons
  7 bats
  8 endoplasms
  2 giant cockroaches
  9 hobgoblins
  4 jackals (D:2)
  12 kobolds
  6 quokkas
  6 frilled lizards
  14 goblins
  6 rats
131 creatures vanquished.

Vanquished Creatures (collateral kills)
  Pikel (D:4)
  2 yaks (D:5)
  Menkaure (D:4)
  Duvessa (D:4)
  A phantom (D:4)
  Dowan (D:4)
  An iguana (D:5)
  Robin (D:4)
  An adder skeleton (D:4)
  An endoplasm (D:4)
  A goblin (D:4)
  A hobgoblin (D:4)
  2 jackals (D:4)
15 creatures vanquished.

Vanquished Creatures (others)
  Eustachio (D:5)
  A bullfrog skeleton (D:4)
  2 orc wizards (D:5)
  An orc (D:5)
  A goblin (D:4)
  6 plants (D:4)
12 creatures vanquished.

Grand Total: 158 creatures vanquished

Notes
Turn   | Place    | Note
-------+----------+-------------------------------------------
     0 | D:1      | ytrimaz the Felid Chaos Knight began the quest for the Orb.
     0 | D:1      | Reached XP level 1. HP: 10/10 MP: 2/2
   136 | D:1      | Reached XP level 2. HP: 13/14 MP: 3/3
   401 | D:1      | XOM: silly message
   629 | D:1      | XOM: divination: detect items
   947 | D:1      | XOM: divination: detect items
   995 | D:2      | XOM: god gift: 41 gold pieces
  1021 | D:2      | XOM: silly message
  1438 | D:2      | Reached XP level 3. HP: 16/17 MP: 4/4
  1959 | D:2      | Found a bloodstained altar of Trog.
  2333 | D:2      | XOM: give mutations
  2333 | D:2      | Gained mutation: You possess an exceptional clarity of
                  | mind. [Xom's grace]
  2333 | D:2      | Gained mutation: You are partially covered in iridescent
                  | scales. (AC +2) [Xom's grace]
  2333 | D:2      | Gained mutation: You passively dampen the noise of your
                  | surroundings. [Xom's grace]
  2333 | D:2      | Gained mutation: You expend magic power (3 MP) to
                  | strengthen your wands. [Xom's grace]
  2644 | D:2      | XOM: cloud trail
  2833 | D:2      | XOM is BORED!
  2833 | D:2      | XOM: give mutation
  2833 | D:2      | Gained mutation: You are dopey. (Int -2) [Xom's mischief]
  2976 | D:3      | Noticed Sigmund
  2985 | D:3      | Killed Sigmund
  2986 | D:3      | Reached skill level 5 in Dodging
  2986 | D:3      | Reached skill level 5 in Unarmed Combat
  2986 | D:3      | Reached XP level 4. HP: 19/21 MP: 5/5
  2986 | D:3      | Reached XP level 5. HP: 22/24 MP: 6/6
  3080 | D:3      | Noticed Natasha
  3085 | D:3      | Killed Natasha
  3190 | D:3      | XOM: cloud trail
  3681 | D:3      | XOM: summons 3 hostile demons
  3688 | D:4      | XOM: stealth player
  3783 | D:4      | XOM: give mutations
  3783 | D:4      | Gained mutation: You are robust. (+10% HP) [Xom's grace]
  3783 | D:4      | Gained mutation: You are partially covered in large bone
                  | plates. (SH +4) [Xom's grace]
  3958 | D:4      | XOM: scenery: summon butterflies
  4002 | D:4      | Noticed a phantom
  4020 | D:4      | Found a radiant altar of Vehumet.
  4023 | D:4      | XOM: confuse monster(s)
  4031 | D:4      | Noticed Robin
  4034 | D:4      | XOM: fog
  4051 | D:4      | XOM: scenery: 1 doors open
  4052 | D:4      | XOM: divination: magic mapping
  4053 | D:4      | XOM: swap monsters
  4083 | D:3      | Gained mutation: You are covered in thick fur. (AC +2)
                  | [Felid growth]
  4083 | D:3      | Reached XP level 6. HP: 13/30 MP: 7/7
  4262 | D:3      | Noticed Natasha
  4268 | D:3      | XOM: polymorph crimson imp -> lemure
  4271 | D:3      | XOM: polymorph lemure -> crimson imp
  4272 | D:3      | Killed Natasha
  4544 | D:3      | Noticed Natasha
  4553 | D:3      | Killed Natasha
  4620 | D:4      | XOM: summons 4 hostile demons
  4844 | D:4      | XOM: 1-stop teleportation journey
  4850 | D:4      | Noticed Dowan
  4872 | D:4      | XOM: chaos cloud
  4885 | D:4      | XOM: blink monster(s)
  4886 | D:4      | HP: 1/30 [iguana (14)]
  4886 | D:4      | XOM: butterfly on damage
  4889 | D:4      | Slain by an iguana
  4890 | D:4      | Reached XP level 5. HP: 0/26 MP: 6/6
  4909 | D:4      | XOM: snakes to sticks
  5023 | D:4      | Found a snail-covered altar of Cheibriados.
  5043 | D:4      | Noticed a phantom
  5044 | D:4      | Found a staircase to the Ecumenical Temple.
  5045 | D:4      | XOM: cast spell 'Summon Dragon'
  5048 | D:4      | Killed a phantom
  5049 | D:4      | Reached skill level 6 in Unarmed Combat
  5055 | D:4      | Noticed Duvessa
  5057 | D:4      | Killed Dowan
  5058 | D:4      | Reached XP level 6. HP: 17/30 MP: 7/7
  5059 | D:4      | Killed Robin
  5064 | D:4      | Killed Duvessa
  5071 | D:4      | Noticed Menkaure
  5079 | D:4      | Noticed Pikel
  5079 | D:4      | Killed Menkaure
  5080 | D:4      | Reached skill level 7 in Unarmed Combat
  5080 | D:4      | Reached XP level 7. HP: 21/34 MP: 8/8
  5084 | D:4      | Killed Pikel
  5085 | D:4      | Reached skill level 8 in Unarmed Combat
  5085 | D:4      | Reached XP level 8. HP: 24/39 MP: 9/9
  5377 | D:4      | Found a glowing golden altar of the Shining One.
  5427 | D:4      | Found an opulent altar of Gozag.
  5495 | D:4      | XOM: scenery: 1 doors close
  5746 | Temple   | Entered the Ecumenical Temple
  5965 | D:5      | Entered Level 5 of the Dungeon
  5965 | D:5      | Found a burning altar of Makhleb.
  6087 | D:5      | Found a glowing drain.
  6091 | Sewer    | Entered a sewer
  6121 | Sewer    | Noticed Pargi
  6140 | Sewer    | Killed Pargi
  6141 | Sewer    | Reached skill level 9 in Unarmed Combat
  6412 | D:5      | XOM: snakes to sticks
  6422 | D:5      | Noticed Ijyb
  6425 | D:5      | Killed Ijyb
  6434 | D:5      | Identified the +2 great mace of Alauw {holy, rF- Str+3
                  | Dex+8}
  6450 | D:5      | Noticed Eustachio
  6456 | D:5      | Killed Eustachio
  6456 | D:5      | XOM: divine lightning
  6778 | D:5      | Found a shadowy altar of Dithmenos.
  6791 | D:5      | XOM: summons 5 friendly demons
  6806 | D:5      | XOM: summons 1 friendly demon
  6822 | D:5      | XOM: fog
  6839 | D:5      | Slain by a yak
  6840 | D:5      | Reached XP level 7. HP: 0/36 MP: 8/8
  6872 | D:5      | Killed a yak
  6873 | D:5      | Reached skill level 10 in Unarmed Combat
  6873 | D:5      | Reached XP level 8. HP: 30/39 MP: 9/9
  7488 | D:6      | Found a hazy altar of Hepliaklqana.
  7503 | D:6      | XOM: scenery: summon butterflies
  7625 | D:6      | XOM: 11-stop teleportation journey
  7631 | D:6      | Found an ornate altar of the Wu Jian Council.
  7733 | D:6      | XOM: give mutations
  7733 | D:6      | Gained mutation: Your spells are a little easier to cast,
                  | but a little less powerful. [Xom's mischief]
  7733 | D:6      | Lost mutation: You expend magic power (3 MP) to strengthen
                  | your wands. [Xom's mischief]
  7733 | D:6      | Gained mutation: You occasionally shout uncontrollably at
                  | your foes. [Xom's mischief]
  7769 | D:6      | Found a runed translucent door.
  7770 | D:6      | Noticed Crazy Yiuf
  8097 | D:6      | XOM: torment (7/39 hp)
  8503 | D:6      | Found a shimmering altar of Xom.
  8540 | D:6      | XOM: 3-stop teleportation journey
  8753 | D:6      | XOM: silly message
  8781 | D:6      | Reached skill level 10 in Dodging
  8781 | D:6      | Reached skill level 11 in Unarmed Combat
  8885 | D:6      | Reached XP level 9. HP: 28/42 MP: 10/10
  9082 | D:7      | XOM: blink monster(s)
  9082 | D:7      | Slain by a yak

Illustrated notes

Levels and vault maps discovered:
D:1:      minmay_arrival_open_corners, layout_rooms
D:2:      minmay_spotlight, layout_loops_corners, basic_altar
D:3:      layout_loops_corners, chequers_serial_rivers_micro_e,
          kennysheep_generic_room_14, uniq_natasha, uniq_sigmund
D:4:      layout_basic, mainiacjoe_overflow_24_doors, grunt_gozag_breadcrumbs,
          fiery_altar_vehumet, mainiacjoe_overflow_chevrons,
          minmay_temple_entry_overgrown, kennysheep_cluttered_room,
          supply_closet_lemuel, minmay_misc_feat_room, uniq_duvessa, uniq_robin,
          uniq_pikel, uniq_menkaure
D:5:      layout_loops_corners, mainiacjoe_overflow_small_starburst,
          lemuel_tele_altar, gup_sewer_entry_bowl, minmay_crystal_water,
          uniq_ijyb, uniq_eustachio
D:6:      minmay_diamond_boxcup, layout_loops_corners,
          mainiacjoe_overflow_surrounded_room, kennysheep_little_box, tgw_xom,
          uniq_crazy_yiuf_cottage
D:7:      layout_loops_ring, tgw_trog, serial_shops,
          nicolae_shop_advertising_works [nicolae_subvault_shop_adworks],
          grunt_decor_mini_mirrors
Temple:   jpeg_temple_alley_garden

Skill      XL: |  1  2  3  4  5  6  7  8 |
---------------+-------------------------+-----
Dodging        | 5 6 7 10 | 10.3
Unarmed Combat | 5 6 7 10 11 | 11.3
Fighting       | 4 |  4.7

Action                   |  1- 3 |  4- 6 |  7- 9 || total
-------------------------+-------+-------+-------++-------
Melee: Unarmed           |   151 |   138 |   281 ||   570
       Bite              |    14 |    10 |    27 ||    51
       Punch             |       |     3 |    17 ||    20
  Use: Scroll            |     3 |     1 |    11 ||    15
       Potion            |     4 |     1 |     2 ||     7
 Stab: Sleeping          |     1 |       |     5 ||     6
Armor: Skin              |     9 |    14 |    16 ||    39
Dodge: Dodged            |   140 |   132 |   236 ||   508
Block: Other             |       |    21 |    36 ||    57

Table legend: (Time is in decaauts)
 A = Elapsed time spent in this place.
 B = Non-inter-level travel time spent in this place.
 C = Inter-level travel time spent in this place.
 D = Time resting spent in this place.
 E = Time spent auto-exploring this place.
 F = Levels seen in this place.
 G = Mean time per level.
                   A        B        C        D        E       F      G
               +--------+--------+--------+--------+--------+-----+--------+
         Total |   8047 |   7895 |    152 |   1216 |   5253 |   9 |  894.1 |
       Dungeon |   7661 |   7537 |    124 |   1216 |   4994 |   7 | 1094.4 |
        Temple |    168 |    140 |     28 |      0 |    133 |   1 |  168.0 |
         Sewer |    218 |    218 |      0 |      0 |    124 |   1 |  218.0 |
               +--------+--------+--------+--------+--------+-----+--------+

Top non-repeatable levels by time:
     D:2: 1683 daAuts
     D:4: 1379 daAuts
     D:6: 1279 daAuts
     D:3: 1084 daAuts
     D:5: 1063 daAuts
     D:1: 1002 daAuts
   Sewer: 218 daAuts
     D:7: 168 daAuts
  Temple: 168 daAuts
